Map: Ruins of Seras

Players

MarineLorD - Winner!

  • Race: Terran Terran
  • League: Master

PRIMELOT

  • Race: Protoss Protoss
  • League: Grandmaster

Event: DreamHack ZOWIE Open Leipzig

VOD

Have the link to the VOD?

Description

Time

  • Played on: Jan. 22, 2016, 7:35 a.m.
  • Length: 6:13

All games in this series

Show
View Real Time Build Order
Export as new Build Order

MarineLorD Terran - Winner!

Build Orders: Cyclone Opening 

Get SALT Encoding   

  12  0:00  SCV  
  13  0:12  SCV  
  14  0:17  Supply Depot  
  14  0:24  SCV  
  15  0:29  Refinery  
  15  0:39  SCV  
  16  0:45  Barracks  
  16  0:51  SCV  
  16  0:56  Refinery  
  17  1:03  SCV  
  18  1:15  SCV  
  19  1:35  Orbital Command  
  19  1:36  Reaper  
  19  1:39  Factory  
  20  1:48  Supply Depot  
  20  2:00  SCV  
  21  2:08  Reaper  
  22  2:13  SCV  
  23  2:22  Factory Tech Lab  
  23  2:25  SCV  
  24  2:31  Supply Depot  
  24  2:37  SCV  
  24  2:40  Cyclone, Mag-Field Accelerator  
  24  2:44  Reaper  
  29  2:49  SCV  
  30  3:01  SCV  
  31  3:09  Command Center  
  31  3:13  SCV  
  31  3:18  Cyclone  
  35  3:22  Barracks Reactor  
  35  3:32  SCV  
  36  3:35  Supply Depot  
  36  3:44  SCV  
  35  3:56  SCV  
  35  3:58  Cyclone  
  39  4:09  Marine x2  
  40  4:10  Command Center  
  40  4:13  SCV  
  41  4:25  SCV  
  41  4:27  Marine x2  
  44  4:33  Cyclone  
  44  4:37  SCV  
  48  4:45  Marine x2  
  45  4:54  Orbital Command  
  45  4:58  SCV  
  45  5:03  Marine x2  
  45  5:04  Barracks  
  45  5:05  Cyclone  
  50  5:10  SCV  
  50  5:11  Barracks  
  51  5:18  Orbital Command  
  51  5:22  SCV, Orbital Command  
  51  5:24  Marine x2  
  54  5:34  SCV  
  52  5:38  Cyclone  
  55  5:44  SCV  
  55  5:46  SCV, Marine x2  
  55  5:49  SCV  
  60  5:56  SCV, Bunker  
  61  5:58  SCV  
  61  6:01  SCV  
  60  6:11  Barracks Tech Lab, Engineering Bay  
  60  6:12  Refinery  
Show
View Real Time Build Order
Export as new Build Order

PRIMELOT Protoss 

Build Orders: 1 Gate Expand 

Get SALT Encoding   

  12  0:01  Probe (Chrono Boost)  
  13  0:12  Probe (Chrono Boost)  
  14  0:18  Pylon  
  14  0:23  Probe (Chrono Boost)  
  15  0:36  Probe (Chrono Boost)  
  15  0:39  Gateway  
  16  0:47  Probe (Chrono Boost)  
  17  0:54  Assimilator  
  17  0:57  Probe (Chrono Boost)  
  18  1:08  Probe (Chrono Boost)  
  20  1:18  Probe (Chrono Boost)  
  20  1:30  Nexus  
  20  1:39  Cybernetics Core  
  20  1:42  Probe (Chrono Boost)  
  21  1:53  Pylon  
  22  1:56  Assimilator  
  22  1:58  Probe (Chrono Boost)  
  23  2:08  Probe (Chrono Boost)  
  23  2:15  Adept (Chrono Boost)  
  25  2:19  Mothership Core (Chrono Boost)  
  27  2:23  Pylon  
  27  2:25  Warp Gate (Chrono Boost)  
  27  2:39  Adept  
  27  2:41  Probe (Chrono Boost)  
  27  2:43  Probe (Chrono Boost)  
  31  2:52  Probe (Chrono Boost)  
  31  2:56  Robotics Facility  
  32  3:00  Probe (Chrono Boost)  
  32  3:03  Probe (Chrono Boost)  
  34  3:10  Probe (Chrono Boost)  
  35  3:14  Probe (Chrono Boost)  
  35  3:17  Stalker  
  38  3:24  Probe (Chrono Boost)  
  39  3:32  Pylon  
  39  3:34  Pylon  
  39  3:39  Gateway  
  37  3:50  Stalker (Chrono Boost)  
  33  4:06  Immortal (Chrono Boost)  
  33  4:07  Mothership Core (Chrono Boost)  
  36  4:11  Pylon  
  36  4:16  Probe (Chrono Boost)  
  37  4:26  Stalker, Probe  
  37  4:29  Probe  
  39  4:38  Probe  
  39  4:44  Stalker  
  40  4:47  Probe  
  40  4:50  Probe  
  42  4:53  Warp Prism (Chrono Boost)  
  42  5:02  Sentry  
  44  5:07  Gateway  
  44  5:12  Gateway  
  43  5:22  Stalker  
  43  5:23  Stalker  
  47  5:47  Stalker  
  45  6:10  Stalker x3  

Tags
 
Add a new tag
Caveats
  • Supply blocks, unpowered buildings, or Contaminate may cause inaccurate times.
  • Supply counts are checked every 10 seconds.